 Dungeon Crawl Stone Soup version 0.20-a0-263-g81abdfb (webtiles) character file.

52 roflturtle the Charmwright (level 3, -2/29 HPs)
             Began as a Vampire Skald on Dec 4, 2016.
             Killed from afar by Sigmund (7 damage)
             ... with a magic dart
             ... on level 2 of the Dungeon.
             The game lasted 00:04:09 (1713 turns).

roflturtle the Charmwright (Vampire Skald)          Turns: 1713, Time: 00:04:11

Health: -2/29      AC:  3    Str: 11    XL:     3   Next: 60%
Magic:  0/6        EV: 11    Int: 15    God:
Gold:   126        SH:  0    Dex: 13    Spells: 1/6 levels left

rFire  . . .     SeeInvis +     a - +0 short sword
rCold  + . .     Gourm    .     b - +0 leather armour
rNeg   + + .     Faith    .     (no shield)
rPois  +         Spirit   .     (no helmet)
rElec  .         Reflect  .     (no cloak)
rCorr  .         Harm     .     (no gloves)
MR     .....                    (no boots)
Stlth  ++........               (no amulet)
                                (no ring)
                                (no ring)

@: infused, very slightly contaminated, regenerating slowly
A: fangs 3, see invisible, unbreathing
a: Bat Form


You were on level 2 of the Dungeon.
You were near bloodless.

You visited 1 branch of the dungeon, and saw 2 of its levels.

You collected 126 gold pieces.

Inventory:

Hand Weapons
 a - a +0 short sword (weapon)
Missiles
 e - 5 tomahawks (quivered)
Armour
 b - a +0 leather armour (worn)
 i - a cursed +0 leather armour
Scrolls
 f - a scroll of identify {unknown}
 g - 2 scrolls of fog {unknown}
 h - a scroll of magic mapping {unknown}
 j - a scroll of remove curse {unknown}
Potions
 d - 13 potions of blood
Books
 c - a book of Battle

   Spells                             Type                      Level
   a - Infusion                       Charms                       1
   b - Shroud of Golubria             Charms/Translocation         2
   c - Song of Slaying                Charms                       2
   d - Spectral Weapon                Hexes/Charms                 3
   e - Regeneration                   Charms/Necromancy            3


   Skills:
 - Level 3.0 Fighting
 - Level 3.2 Short Blades
 + Level 0.8 Armour
 - Level 1.1 Dodging
 - Level 2.0 Spellcasting
 - Level 3.2 Charms


You had one spell level left.
You knew the following spells:

 Your Spells              Type           Power        Failure   Level  Hunger
a - Infusion              Chrm           ##..         10%         1    #......
b - Song of Slaying       Chrm           ##......     14%         2    ###....
c - Shroud of Golubria    Chrm/Tloc      #.........   24%         2    ###....


Dungeon Overview and Level Annotations

Branches:
Dungeon (2/15)

Altars:

Annotations:
D:2 Sigmund


Innate Abilities, Weirdness & Mutations

You heal slowly.
You have razor-sharp teeth.
You have supernaturally acute eyesight. (SInv)
You can survive without breathing.


Message History

Sigmund is moderately wounded.
The kobold throws a stone.
The stone hits you but does no damage. Sigmund hits you with a scythe.
You hit Sigmund.
Sigmund is moderately wounded.
You hit Sigmund.
Sigmund is heavily wounded.
Sigmund barely misses you. The kobold closely misses you.
You hit Sigmund.
Sigmund is severely wounded.
The kobold closely misses you. Sigmund hits you with a scythe!
You hit Sigmund.
Sigmund is severely wounded.
You hit Sigmund.
Sigmund is almost dead.
The kobold hits you with a short sword.
* * * LOW HITPOINT WARNING * * *
Sigmund points at you and mumbles some strange words.
The magic dart hits you!
You die...

.......###.........# ###....#..#.
######.....#.#####.###.....#....#
.#####.......## #........#.÷##..
...)..........# ##...#..#...##..
.#####.#.#########..#.###........
.........######....##..###.##....
#.....).........##.###..##....###
.....##########....####.#####.#
###.. #####.@K............# #..
#......@.##.........# #.
#....###.##.##.........# #. ..#
##..##.############
###..###.###### #...## #...<..#
#..## #........#
###'###...K......#
#≈≈.≈≈#..........#


You could see Sigmund and a kobold.

Vanquished Creatures
  An adder (D:2)
  A worm (D:2)
  3 dart slugs (D:1)
  A leopard gecko (D:2)
  A giant cockroach (D:1)
  7 goblins
  4 hobgoblins (D:1)
  A quokka (D:2)
  6 bats
  A frilled lizard (D:1)
  5 kobolds
  2 rats
33 creatures vanquished.

Notes
Turn   | Place    | Note
-------+----------+-------------------------------------------
     0 | D:1      | roflturtle the Vampire Skald began the quest for the Orb.
     0 | D:1      | Reached XP level 1. HP: 16/16 MP: 3/3
   339 | D:1      | Reached XP level 2. HP: 16/23 MP: 5/5
   343 | D:1      | Learned a level 2 spell: Song of Slaying
   346 | D:1      | Learned a level 2 spell: Shroud of Golubria
  1166 | D:1      | Reached XP level 3. HP: 23/29 MP: 6/6
  1685 | D:2      | Noticed Sigmund
  1713 | D:2      | Killed from afar by Sigmund

Vault maps used:
D:1:      minmay_arrival_hallway
D:2:      lemuel_doored_altar, first_bread, kennysheep_minor_cross,
          minivault_26, uniq_sigmund

Skill      XL: |  1  2  3 |
---------------+----------+-----
Fighting       | 2 3 |  3.0
Short Blades   | 3 |  3.2
Armour         | |  0.8
Dodging        | |  1.1
Spellcasting   | |  2.0
Charms         | |  3.2

Action                   || total
-------------------------++-------
Melee: Short sword       ||   142
       Bite              ||     9
 Cast: Infusion          ||     2
 Stab: Sleeping          ||     1
Armor: Leather armour    ||    24
Dodge: Dodged            ||    81
